 Dungeon Crawl Stone Soup version 0.31.0-11-ge490571c62 (webtiles) character file.

Game seed: 4979837780795523951

522 Flugkiller the Arsonist (level 7, -3/50 HPs)
             Began as a Ghoul Fire Elementalist on Jan 29, 2024.
             Engulfed by a cloud of steam (17 damage)
             ... on level 6 of the Dungeon.
             The game lasted 00:04:08 (4177 turns).

Flugkiller the Arsonist (Ghoul Fire Elementalist)   Turns: 4177, Time: 00:04:08

Health: -3/50      AC:  2    Str: 12    XL:     7   Next: 22%
Magic:  12/12      EV: 12    Int: 28    God:
Gold:   318        SH:  0    Dex:  9    Spells: 5/12 levels left

rFire   . . .        i - +1 mace (protect)
rCold   + . .        (no shield)
rNeg    + + +        a - +0 robe
rPois   ∞            (no helmet)
rElec   .            (no cloak)
rCorr   .            (no gloves)
SInv    .            (no boots)
Will    .....        o - amulet of magic regeneration
Stlth   +            g - +6 ring of intelligence
HPRegen 0.28/turn    l - +6 ring of intelligence
MPRegen 0.53/turn

%: no passive effects
@: very slow
A: claws 1, cold resistance 1, negative energy resistance 3, inhibited
regeneration, torment resistance 2, devour on kill
a: no special abilities


You were on level 6 of the Dungeon.
You visited 1 branch of the dungeon, and saw 6 of its levels.

You collected 318 gold pieces.

Inventory:

Hand Weapons
 i - a +1 mace of protection (weapon)
   (You found it on level 1 of the Dungeon)
Missiles
 m - a throwing net
Armour
 a - a +0 robe (worn)
 y - the +3 scale mail of Classification {Rampage rPois rF+}
   (You found it on level 6 of the Dungeon)

   rF+:       It protects you from fire.
   rPois:     It protects you from poison Rampage: It bestows one free step when
   moving towards enemies.
Jewellery
 g - a +6 ring of intelligence (left claw)
   (You found it on level 1 of the Dungeon)
 h - a +6 ring of dexterity
   (You found it on level 1 of the Dungeon)
 k - a ring of flight
   (You found it on level 2 of the Dungeon)
 l - a +6 ring of intelligence (right claw)
   (You found it on level 4 of the Dungeon)
 o - an amulet of magic regeneration (around neck)
   (You found it on level 4 of the Dungeon)
 p - a +4 ring of protection
   (You found it on level 6 of the Dungeon)
 w - an amulet of guardian spirit
   (You found it on level 5 of the Dungeon)
Scrolls
 d - a scroll of poison {unknown}
 e - a scroll of vulnerability
 f - 2 scrolls of fear
 n - a scroll of amnesia {unknown}
 r - a scroll of torment {unknown}
 t - 2 scrolls of teleportation
Potions
 b - a potion of magic
 c - a potion of brilliance {unknown}
 j - a potion of attraction {unknown}
 s - 3 potions of might {unknown}
 u - a potion of haste {unknown}
 v - a potion of enlightenment {unknown}
 x - a potion of mutation {unknown}


   Skills:
 - Level 1.7 Dodging
 - Level 2.1 Stealth
 + Level 3.4 Spellcasting
 + Level 2.9 Conjurations
 - Level 9.4 Fire Magic


You had 5 spell levels left.
You knew the following spells:

 Your Spells              Type           Power      Damage    Failure   Level
a - Foxfire               Conj/Fire      100%       2x1d9     1%          1
b - Scorch                Fire           100%       2d9       1%          2
c - Flame Wave            Conj/Fire      39%        2d11      6%          4

Your spell library contained the following spells:

 Spells                   Type           Power      Damage    Failure   Level
 Inner Flame              Hex/Fire       31%        N/A       3%          3
 Volatile Blastmotes      Fire/Tloc      62%        2d15      3%          3


Dungeon Overview and Level Annotations

Branches:
Dungeon (6/15) Zot: 26866
 Temple: D:4-7

Altars:
Nemelex Xobeh

Shops:
D:1 :   D:2 *   D:5 =


Innate Abilities, Weirdness & Mutations

You are immune to poison.
You have sharp fingernails.
Your flesh is cold resistant. (rC+)
You are immune to negative energy. (rN+++)
You do not regenerate when monsters are visible.
You are immune to unholy pain and torment.
You thrive by killing the living.


Message History

Magic restored.
Your foxfire dissipates! x2
There is an open door here.
There is a stone staircase leading down here.
You climb downwards.
Found a falchion.
Found a stone staircase leading down.
There is a stone staircase leading up here.
Unknown command.
p - a +4 ring of protection;
x - a blue potion Shopping list: removing a +4 ring of protection on D:5 You now have 318 gold pieces (gained 10).
You open the door.
A bombardier beetle comes into view.
Unknown command.
Okay, then.
Casting: Foxfire (safe; 1% risk of failure)
Confirm with . or Enter, or press ? or * to list all spells.
You conjure some foxfire!
Your foxfire dissipates!
Casting: Foxfire (safe; 1% risk of failure)
Confirm with . or Enter, or press ? or * to list all spells.
You can't see any susceptible monsters within range! (Use Z to cast anyway.)
Casting: Foxfire (safe; 1% risk of failure)
Confirm with . or Enter, or press ? or * to list all spells.
Flames lash the bombardier beetle.
The bombardier beetle is heavily wounded.
The bombardier beetle's fire resistance burns away.
Casting: Scorch (safe; 1% risk of failure)
Confirm with . or Enter, or press ? or * to list all spells.
Flames lash the bombardier beetle.
The bombardier beetle is burned terribly!
You kill the bombardier beetle!
You have reached level 7!
You start resting.
Magic restored.
Okay, then.
y - the +3 scale mail of Classification {Rampage rPois rF+} You open the door.
There is an open door here.
There is an open door here.
You open the large door.
There is a large open door here.
A bullfrog comes into view.
Found a scroll labelled QIZEINU GAPU.
A bullfrog is nearby!
A bullfrog is nearby!
Unknown command.
Casting: Scorch (safe; 1% risk of failure)
Confirm with . or Enter, or press ? or * to list all spells.
You conjure some foxfire!
The bullfrog gives a loud, deep croak!
The bullfrog hits you but does no damage.
The bullfrog closely misses you.
Casting: Foxfire (safe; 1% risk of failure)
Confirm with . or Enter, or press ? or * to list all spells.
You conjure some foxfire!
The bullfrog hits you.
Casting: Foxfire (safe; 1% risk of failure)
Confirm with . or Enter, or press ? or * to list all spells.
There is not enough space to conjure foxfire!
Your foxfire dissipates!
The foxfire hits the bullfrog.
The bullfrog is moderately wounded.
The foxfire hits the bullfrog.
The bullfrog is heavily wounded.
The bullfrog hits you.
Casting: Foxfire (safe; 1% risk of failure)
Confirm with . or Enter, or press ? or * to list all spells.
A wave of flame ripples out!
The tree burns like a torch!
The flame wave engulfs the bullfrog!
You kill the bullfrog!
You feel better. (Press . to intensify the flame waves.)
Your foxfire dissipates!
A wave of flame ripples out!
The tree burns like a torch!
You are engulfed in blazing flames.
A wave of flame ripples out!
The tree burns like a torch!
You finish channelling waves of flame.
You are engulfed in blazing flames.
You're standing in a cloud of flame!
You enter the shallow water.
Moving in this stuff is going to be slow.
You are engulfed in a cloud of scalding steam.
You are engulfed in a cloud of scalding steam.
* * * LOW HITPOINT WARNING * * *
Unknown command.
Okay, then.
You feel better.
You are engulfed in a cloud of scalding steam.
* * * LOW HITPOINT WARNING * * *
The forest fire spreads!
Unknown command.
You feel better.
The forest fire spreads!
Unknown command.
You are engulfed in a cloud of scalding steam.
* * * LOW HITPOINT WARNING * * *
The forest fire spreads!
Unknown command.
You feel better.
You are engulfed in a cloud of scalding steam.
You die...

. . ######## # #......#
#......# #......#
#......# #......#######
########......##§~~~##
.......#####'##@○§☼○○#
.......##....#~§§☼§§§§#
.......##.#..'..§§☼§§.+
.......##.#..'.§§§§§☼.+
#.......+..#..#~§§§§§~~#
........#.^...##~°°°~~##
...# #...###.###~~~~##
#..###.......# #####
#..#...######.#


There were no monsters in sight!

Vanquished Creatures
  A bullfrog (D:6)
  4 bombardier beetles
  A jelly (D:5)
  2 hounds (D:5)
  A sleepcap (D:5)
  3 gnolls (D:4)
  2 adders
  A white imp (D:5)
  4 ufetubi
  A dart slug (D:3)
  2 ribbon worms
  6 orcs
  3 ball pythons
  2 bats
  8 endoplasms
  7 giant cockroaches
  5 goblins
  7 hobgoblins
  3 jackals (D:4)
  6 quokkas
  5 frilled lizards
  9 kobolds
  3 rats
86 creatures vanquished.

Vanquished Creatures (others)
  268 foxfires
268 creatures vanquished.

Grand Total: 354 creatures vanquished

Notes
Turn   | Place    | Note
-------+----------+-------------------------------------------
     0 | D:1      | Flugkiller the Ghoul Fire Elementalist began the quest for
                  | the Orb.
     0 | D:1      | Reached XP level 1. HP: 14/14 MP: 3/3
   107 | D:1      | Reached skill level 1 in Conjurations
   186 | D:1      | Reached XP level 2. HP: 19/20 MP: 1/4
   337 | D:1      | Found Zomudaul's Book Emporium.
   662 | D:2      | Found a sparkling altar of Nemelex Xobeh.
   800 | D:2      | Found Ibremn's General Store.
   807 | D:2      | Reached XP level 3. HP: 23/26 MP: 6/6
   857 | D:2      | Reached skill level 3 in Fire Magic
   993 | D:2      | Reached skill level 9 in Fire Magic
   993 | D:2      | Reached XP level 4. HP: 33/33 MP: 7/7
   997 | D:2      | Learned a level 2 spell: Scorch
  1002 | D:2      | Learned a level 4 spell: Flame Wave
  1108 | D:2      | Found a faded altar of an unknown god.
  1954 | D:3      | Reached XP level 5. HP: 38/38 MP: 3/8
  2707 | D:4      | Reached XP level 6. HP: 45/45 MP: 8/10
  2974 | D:4      | Found a sparkling altar of Nemelex Xobeh.
  3149 | D:5      | Entered Level 5 of the Dungeon
  3545 | D:5      | Found Soyraiss's Jewellery Shoppe.
  4045 | D:6      | Noticed an ice beast
  4122 | D:6      | Reached XP level 7. HP: 50/50 MP: 7/11
  4145 | D:6      | Identified the +3 scale mail of Classification {Rampage
                  | rPois rF+}
  4177 | D:6      | Engulfed by a cloud of steam

Illustrated notes

Levels and vault maps discovered:
D:1:      kennysheep_arrival_forest, layout_rooms, serial_shops, shop
D:2:      layout_loops_ring, chequers_ecumenical_altar_grove, basic_altar,
          serial_shops, nicolae_shop_waterfront, minmay_misc_feat_alley
D:3:      minmay_door_path, layout_basic, due_unseen_surprise
D:4:      layout_cave_pools, zin_academy, nemelex_dance_club_becter
D:5:      layout_gridville, mainiacjoe_overflow_surrounded_room,
          minmay_shop_enchanted_jewellery, hangedman_glass_teeth
D:6:      layout_basic, minmay_temple_entry_purple_smoke,
          kennysheep_generic_room_3, uniq_duvessa, uniq_menkaure, uniq_pikel

Skill      XL: |  1  2  3  4  5  6 |
---------------+-------------------+-----
Conjurations   | 1 2 |  2.9
Spellcasting   | 2 3 |  3.4
Fire Magic     | 9 |  9.4
Dodging        | |  1.7
Stealth        | |  2.1

Action                     |  1- 3 |  4- 6 |  7- 9 || total
---------------------------+-------+-------+-------++-------
  Melee: Unarmed           |    15 |       |       ||    15
         Punch             |     2 |     1 |       ||     3
         Mace              |     3 |    16 |       ||    19
   Cast: Foxfire           |    40 |   123 |     2 ||   165
         Scorch            |       |     8 |       ||     8
         Flame Wave        |       |       |     1 ||     1
    Use: Scroll            |     5 |       |       ||     5
         Potion            |     1 |       |     3 ||     4
   Stab: Sleeping          |       |     1 |       ||     1
 Armour: Robe              |    26 |    22 |    10 ||    58
  Dodge: Dodged            |    43 |    20 |     1 ||    64
